 Dungeon Crawl Stone Soup version 0.28.0 (webtiles) character file.

Game seed: 13968658084981338833

3989 sasquatch the Thaumaturge (level 10, -6/73 HPs)
             Began as a Djinni Hedge Wizard on Feb 8, 2022.
             Was a Follower of Okawaru.
             Mangled by a two-headed ogre (18 damage)
             ... on level 8 of the Dungeon.
             The game lasted 00:30:03 (9655 turns).

sasquatch the Thaumaturge (Djinni Hedge Wizard)     Turns: 9655, Time: 00:30:04

Health: -6/73      AC:  9    Str:  9    XL:     10   Next: 46%
Gold:   420        EV: 14    Int: 20    God:    Okawaru [*.....] SH:  0 Dex: 13

rFire   + + .      SeeInvis +   b - +1 spear (venom)
rCold   x . .      Faith    .   (no shield)
rNeg    . . .      Spirit   .   G - +2 robe {Will+}
rPois   ∞          Reflect  .   c - +0 hat
rElec   .          Harm     .   (no cloak)
rCorr   .          Rampage  .   m - +0 pair of gloves
Will    ++...                   (boots unavailable)
Stlth   ++........              y - amulet of regeneration
HPRegen 1.02/turn               i - ring of see invisible
MPRegen 0.00/turn               o - +4 ring of protection

@: flying
A: sickness immunity, fire resistance 2, cold vulnerability 1, float, innate
caster, HP casting, extra vitality 1
a: Renounce Religion, Heroism


You were on level 8 of the Dungeon.
You worshipped Okawaru.
Okawaru was aware of your devotion.
You visited 2 branches of the dungeon, and saw 9 of its levels.
You also visited: Ossuary and Bailey.

You collected 420 gold pieces.

Inventory:

Hand Weapons
 b - a +1 spear of venom (weapon)
 I - a +2 halberd of electrocution
Missiles
 q - 16 poisoned darts
 r - 3 curare-tipped darts
Armour
 c - a +0 hat (worn)
 m - a +0 pair of gloves (worn)
 s - a scarf of harm
 G - a +2 robe of willpower (worn)
Jewellery
 g - a ring of resist corrosion
 i - a ring of see invisible (left hand)
 o - a +4 ring of protection (right hand)
 y - an amulet of regeneration (around neck)
 B - a ring of fire
Wands
 j - a wand of flame (48)
Scrolls
 a - 6 scrolls of teleportation
 e - a scroll of magic mapping
 l - 5 scrolls of identify
 p - 4 scrolls of vulnerability
 u - 3 scrolls of amnesia {unknown}
 A - a scroll of blinking {unknown}
 D - a scroll of acquirement {unknown}
 F - a scroll of fog {unknown}
 H - 2 scrolls of fear {unknown}
Potions
 d - 2 potions of ambrosia
 f - 2 potions of cancellation {unknown}
 h - a potion of berserk rage {unknown}
 k - 4 potions of heal wounds
 n - 5 potions of might {unknown}
 t - 2 potions of attraction
 v - 3 potions of curing {unknown}
 w - 3 potions of brilliance {unknown}
 x - 3 potions of lignification
 z - 2 potions of resistance {unknown}
 C - 2 potions of haste {unknown}
 E - 3 potions of mutation {unknown}
 J - 3 potions of magic {unknown}
 K - a potion of experience {unknown}
 L - a potion of invisibility {unknown}
 M - a potion of flight {unknown}


   Skills:
 + Level 6.4 Fighting
 - Level 6.0 Dodging
 - Level 1.5 Stealth
 * Level 9.5 Spellcasting


You had 7 spell levels left.
You knew the following spells:

 Your Spells              Type           Power      Damage    Failure   Level
a - Magic Dart            Conj           100%       1d8       1%          1
b - Blink                 Tloc           94%        N/A       1%          2
c - Call Imp              Summ           47%        N/A       1%          2
d - Slow                  Hex            100%       N/A       1%          1
e - Conjure Flame         Conj/Fire      47%        6-21      1%          3
f - Mephitic Cloud        Conj/Pois/Air  47%        N/A       1%          3
g - Sting                 Tmut/Pois      100%       1d8       1%          1
h - Corpse Rot            Necr/Air       94%        N/A       1%          2
i - Inner Flame           Hex/Fire       47%        N/A       1%          3
j - Teleport Other        Tloc           47%        N/A       1%          3
Your spell library was empty.

Dungeon Overview and Level Annotations

Branches:
Dungeon (8/15)             Temple (1/1) D:6         Ossuary (visited)
 Bailey (visited)
   Lair: D:8-11

Altars:
Ashenzari
Cheibriados
Dithmenos
Fedhas
Gozag
Hepliaklqana
Nemelex Xobeh
Okawaru
Ru
Sif Muna
Trog
Vehumet
Wu Jian
Xom
Yredelemnul
The Shining One

Shops:
D:3 :   D:5 *   D:6 [


Innate Abilities, Weirdness & Mutations

You are immune to sickness and miasma.
You are immune to poison.
Your flesh is very heat resistant. (rF++)
You are vulnerable to cold. (rC-)
You float through the air rather than walking.
You learn spells naturally, not from books.
Your magical power is your life essence.
You have superior vitality. (+4 MHP)


Message History

The hornet is moderately wounded.
The hornet misses you.
Unknown command.
You hit the hornet but do no damage.
The hornet looks as sick as possible!
The hornet is heavily wounded.
The hornet barely misses you. The hornet completely misses you.
You hit the hornet.
The hornet looks as sick as possible!
The hornet is almost dead.
The hornet barely misses you. The hornet misses you.
You hit the hornet but do no damage.
The hornet looks as sick as possible!
The hornet is almost dead.
You kill the hornet!
Okawaru accepts your kill.
You now have 407 gold pieces (gained 15).
Found a stone staircase leading down.
p - 4 scrolls of vulnerability (gained 1)
You now have 420 gold pieces (gained 13).
You reach down and open the door.
There is an open door here.
A two-headed ogre comes into view.
It is wielding a +0 giant spiked club and a +0 giant club.
The two-headed ogre shouts in stereo!
A two-headed ogre is nearby!
Casting: Sting (safe; 1% risk of failure)
Confirm with . or Enter, or press ? or * to list all spells.
Aiming: Sting (safe; 1% risk of failure)
Press: ? - help, Shift-Dir - straight line, f - two-headed ogre
Aim: a two-headed ogre, wielding a +0 giant spiked club and a +0 giant club (89% to hit)
The sting hits the two-headed ogre!
The two-headed ogre is poisoned.
The two-headed ogre is lightly wounded.
The two-headed ogre hits you with a +0 giant spiked club!!
The two-headed ogre hits you with a +0 giant club!!
* * * LOW HITPOINT WARNING * * *
Casting: Sting (safe; 1% risk of failure)
Confirm with . or Enter, or press ? or * to list all spells.
You blink.
* * * LOW HITPOINT WARNING * * *
The two-headed ogre hits you with a +0 giant spiked club!
* * * LOW HITPOINT WARNING * * *
The two-headed ogre hits you with a +0 giant club!!
You die...

#########
###.......#
.##.......#
.##.....>.#
.##.......########
..........'....§.#
..........######O#
..........# #@#
...######## #.#
...+ ..# ...# ####
...# #### # # .#


You could see a two-headed ogre (poisoned).

Vanquished Creatures
  A hornet (D:8)
  Prince Ribbit (D:6)
  2 water moccasins
  An orc warrior (Bailey)
  An ice beast (D:6)
  A black bear (D:8)
  3 necrophages
  A sky beast (D:6)
  An ogre (D:6)
  A centaur (D:5)
  2 phantoms
  2 bullfrogs
  12 scorpions
  2 water moccasin skeletons (D:6)
  7 wights
  2 centaur zombies (Ossuary)
  A hound (D:4)
  A human zombie (Ossuary)
  2 jellies (D:7)
  A bullfrog skeleton (D:3)
  2 gnoll shamans
  3 iguanas
  2 scorpion zombies (Ossuary)
  5 orc wizards
  3 mummies
  2 howler monkey zombies (D:6)
  15 gnolls
  12 adders
  A white imp (D:6)
  A worm (D:2)
  6 dart slugs
  15 orcs
  3 bats
  6 endoplasms
  A gnoll zombie (Ossuary)
  9 hobgoblins
  2 jackals (D:1)
  8 kobolds
  4 quokkas
  8 ball pythons
  3 frilled lizards
  8 goblins
  4 goblin zombies (Ossuary)
  2 hobgoblin zombies (Ossuary)
  2 kobold zombies (Ossuary)
  3 orc zombies
  21 rats
196 creatures vanquished.

Vanquished Creatures (collateral kills)
  Blork the orc (D:4)
  A water moccasin skeleton (D:5)
  2 human zombies (Ossuary)
  A scorpion zombie (Ossuary)
  A mummy (Ossuary)
  2 gnolls (D:6)
  2 ball pythons (D:4)
  A hobgoblin zombie (Ossuary)
11 creatures vanquished.

Vanquished Creatures (others)
  37 plants (D:2)
37 creatures vanquished.

Grand Total: 244 creatures vanquished

Notes
Turn   | Place    | Note
-------+----------+-------------------------------------------
     0 | D:1      | sasquatch the Djinni Hedge Wizard began the quest for the
                  | Orb.
     0 | D:1      | Reached XP level 1. HP: 15/15 MP: 0/0
   231 | D:1      | Reached XP level 2. HP: 16/21 MP: 0/0
  1043 | D:1      | Reached XP level 3. HP: 23/25 MP: 0/0
  1043 | D:1      | Learned a level 1 spell: Sting
  1088 | D:2      | Reached skill level 3 in Spellcasting
  1680 | D:2      | Reached XP level 4. HP: 7/31 MP: 0/0
  2226 | D:2      | Found a faded altar of an unknown god.
  2642 | D:3      | Found Kiag's Book Emporium.
  2833 | D:3      | Reached XP level 5. HP: 19/35 MP: 0/0
  2833 | D:3      | Learned a level 2 spell: Corpse Rot
  3026 | D:3      | Reached skill level 4 in Spellcasting
  3991 | D:4      | Found a shadowy altar of Dithmenos.
  4043 | D:4      | Reached XP level 6. HP: 34/40 MP: 0/0
  4195 | D:4      | Noticed Blork the orc
  4204 | D:4      | Killed Blork the orc
  4560 | D:4      | Reached XP level 7. HP: 14/45 MP: 0/0
  4560 | D:4      | Learned a level 3 spell: Inner Flame
  4829 | D:4      | Reached skill level 5 in Spellcasting
  4859 | D:4      | Found a shimmering altar of Xom.
  4859 | D:4      | Found a bloodstained altar of Trog.
  4916 | D:4      | Reached skill level 5 in Dodging
  5215 | D:4      | Found a sacrificial altar of Ru.
  5545 | D:5      | Entered Level 5 of the Dungeon
  5675 | D:5      | Found Nasoipu's Assorted Antiques.
  5892 | D:5      | Noticed a water moccasin
  5904 | D:5      | Killed a water moccasin
  5905 | D:5      | Reached XP level 8. HP: 31/50 MP: 0/0
  6218 | D:5      | Reached skill level 6 in Spellcasting
  6802 | D:6      | Reached skill level 1 in Fighting
  6802 | D:6      | Found Ruagadom's Antique Armour Emporium.
  6850 | D:6      | Noticed Prince Ribbit
  6864 | D:6      | Killed Prince Ribbit
  6866 | D:6      | Found a sand-covered staircase.
  6884 | Ossuary  | Entered an ossuary
  6902 | Ossuary  | Reached skill level 7 in Spellcasting
  6902 | Ossuary  | Reached XP level 9. HP: 59/59 MP: 0/0
  6902 | Ossuary  | Learned a level 3 spell: Teleport Other
  7198 | Ossuary  | Reached skill level 8 in Spellcasting
  7476 | D:6      | Found a staircase to the Ecumenical Temple.
  7479 | D:6      | Found an iron altar of Okawaru.
  7512 | Temple   | Entered the Ecumenical Temple
  7663 | D:6      | Reached skill level 5 in Fighting
  7739 | D:6      | Became a worshipper of Warmaster Okawaru
  7764 | D:6      | Reached XP level 10. HP: 62/70 MP: 0/0
  8197 | D:7      | Found a flagged portal.
  8206 | Bailey   | Entered a bailey
  8625 | Bailey   | Reached skill level 9 in Spellcasting
  8733 | D:7      | Found a broken altar of Ashenzari.
  9197 | D:7      | Reached * piety under Okawaru
  9653 | D:8      | Noticed a two-headed ogre
  9655 | D:8      | Mangled by a two-headed ogre

Illustrated notes

Levels and vault maps discovered:
D:1:      lemuel_arrival_broad_hall, layout_basic, kennysheep_minor_cross,
          amcnicky_mini_rare_corridor_liquid, corexii_item_surrounded_by_moat,
          nicolae_figureground_pulse
D:2:      cheibrodos_old_hovel, layout_rooms,
          hellmonk_ecumenical_altar_slurped_away, serial_bayou_lagoon_a
D:3:      layout_rooms, serial_shops, nicolae_shop_waterfront,
          minmay_misc_feat_tiny, minmay_rat_hole
D:4:      layout_basic, gammafunk_temple_overflow_claw,
          nicolae_ru_great_annihilating_truth, nicolae_dithmenos_shadow_blocks,
          dk_noncrumbling_2, uniq_blork_the_orc
D:5:      layout_basic, serial_shops, nicolae_shop_trees, st_stairs_11,
          serial_bayou_pond_e, minmay_misc_feat_rows
D:6:      layout_rooms, mainiacjoe_overflow_boulevard,
          minmay_temple_entry_statues_fountains, serial_shops,
          nicolae_shop_window_shopping, nicolae_ossuary_entry_giza,
          uniq_prince_ribbit1
D:7:      layout_gridville, mainiacjoe_overflow_paths, enter_bailey_8
D:8:      layout_basic, grunt_decor_clamped
Temple:   dpeg_three_leaves_temple

Skill      XL: |  1  2  3  4  5  6  7  8  9 10 |
---------------+-------------------------------+-----
Spellcasting   | 3 4 5 7 8 9 |  9.5
Dodging        | 3 4 5 6 |  6.0
Fighting       | 2 5 6 |  6.4
Stealth        | |  1.5

Action                   |  1- 3 |  4- 6 |  7- 9 | 10-12 || total
-------------------------+-------+-------+-------+-------++-------
Melee: Dagger            |    13 |    17 |     1 |       ||    31
       Spear             |       |       |     6 |     3 ||     9
       Halberd           |       |       |       |     2 ||     2
 Cast: Magic Dart        |    73 |   109 |   265 |    60 ||   507
       Sting             |    13 |    24 |    64 |    98 ||   199
       Mephitic Cloud    |       |     5 |       |       ||     5
       Call Imp          |       |     4 |    15 |       ||    19
       Blink             |       |     1 |     1 |    10 ||    12
       Inner Flame       |       |       |     3 |     5 ||     8
  Use: Scroll            |       |       |     7 |     1 ||     8
 Stab: Confused          |       |     1 |       |       ||     1
       Sleeping          |       |       |       |     1 ||     1
Armor: Robe              |     4 |    15 |    60 |    24 ||   103
Dodge: Dodged            |    16 |    25 |   105 |    74 ||   220
Block: Other             |       |     9 |     4 |       ||    13
       Reflection        |       |       |     1 |       ||     1
